 Dungeon Crawl Stone Soup version 0.30.0-10-gfe55d96785 (webtiles) character file.

Game seed: 6249852158931644416

1887 croobank the Magician (level 9, -2/65 HPs)
             Began as a Gnoll Earth Elementalist on May 13, 2023.
             Was a Follower of Vehumet.
             Slain by a vampire mosquito (9 damage)
             ... on level 6 of the Dungeon.
             The game lasted 00:17:35 (5974 turns).

croobank the Magician (Gnoll Earth Elementalist)    Turns: 5974, Time: 00:17:36

Health: -2/65      AC:  3    Str:  8    XL:     9   Next: 14%
Magic:  15/18      EV: 14    Int: 24    God:    Vehumet [*.....]
Gold:   311        SH:  0    Dex: 13    Spells: 9/21 levels left

rFire   . . .        j - +1 short sword
rCold   . . .        (no shield)
rNeg    . . .        a - +0 robe
rPois   .            n - +0 helmet
rElec   .            (no cloak)
rCorr   .            (no gloves)
SInv    .            (no boots)
Will    .....        w - amulet of magic regeneration
Stlth   +++          p - +6 ring of intelligence
HPRegen 0.30/turn    (no ring)
MPRegen 0.56/turn

%: no passive effects
@: about to teleport
A: fangs 1, strong nose, distributed training
a: Renounce Religion


You were on level 6 of the Dungeon.
You worshipped Vehumet.
Vehumet was aware of your devotion.
You visited 1 branch of the dungeon, and saw 6 of its levels.

You collected 311 gold pieces.

Inventory:

Hand Weapons
 b - a +1 whip of flaming
 j - a +1 short sword (weapon)
 m - the +9 halberd of Integrity {flame, rPois Dex+3}
   (You found it on level 5 of the Dungeon)

   Dex:       It affects your dexterity (+3).
   rPois:     It protects you from poison.
 u - a +5 hand axe
 v - a +0 scimitar
Missiles
 h - 5 poisoned darts
Armour
 a - a +0 robe (worn)
 e - a +1 ring mail of fire resistance
 n - a +0 helmet (worn)
Magical Staves
 c - a staff of earth
Jewellery
 i - a ring of ice
 p - a +6 ring of intelligence (left hand)
 w - an amulet of magic regeneration (around neck)
Wands
 q - a wand of paralysis (6)
Scrolls
 d - a scroll of teleportation
 t - 4 scrolls of poison
Potions
 f - a potion of lignification
 g - 2 potions of invisibility
 l - 2 potions of curing {unknown}
 o - 2 potions of attraction {unknown}
 r - a potion of berserk rage {unknown}
 s - 2 potions of heal wounds {unknown}


   Skills:
 + Level 4.1 Fighting
 + Level 4.1 Short Blades
 + Level 4.1 Long Blades
 + Level 4.1 Axes
 + Level 4.1 Maces & Flails
 + Level 4.1 Polearms
 + Level 4.1 Staves
 + Level 4.1 Ranged Weapons
 + Level 4.1 Throwing
 + Level 4.1 Armour
 + Level 6.2 Dodging
 + Level 5.9 Stealth
 + Level 4.1 Shields
 + Level 4.1 Unarmed Combat
 + Level 6.5 Spellcasting
 + Level 3.3 Conjurations
 + Level 3.3 Hexes
 + Level 3.3 Summonings
 + Level 3.3 Necromancy
 + Level 3.3 Translocations
 + Level 4.0 Transmutations
 + Level 3.3 Fire Magic
 + Level 3.3 Ice Magic
 + Level 3.3 Air Magic
 + Level 6.5 Earth Magic
 + Level 3.3 Poison Magic
 + Level 4.5 Invocations
 + Level 4.1 Evocations


You had 9 spell levels left.
You knew the following spells:

 Your Spells              Type           Power      Damage    Failure   Level
a - Sandblast             Erth           78%        2d17      1%          1
b - Stone Arrow           Conj/Erth      62%        3d10      3%          3
c - Petrify               Tmut/Erth      33%        N/A       9%          4
d - Dispel Undead         Necr           24%        3d12      19%         4

Your spell library contained the following spells:

 Spells                   Type           Power      Damage    Failure   Level
 Shock                    Conj/Air       96%        1d9       1%          1
 Passwall                 Tmut/Erth      27%        N/A       1%          2
 Cigotuvi's Dreadful Rot  Necr/Pois/Air  48%        N/A       2%          2
 Animate Dead             Necr           24%        N/A       19%         4
 Death Channel            Necr           12%        N/A       96%         6
 Haunt                    Necr/Summ      12%        N/A       100%        7
 Infestation              Necr           12%        N/A       100%        8


Dungeon Overview and Level Annotations

Branches:
Dungeon (6/15)
 Temple: D:4-7

Altars:
Sif Muna
Vehumet

Annotations:
D:3 3 runed translucent doors, shmup's ghost, amateur DsTm


Innate Abilities, Weirdness & Mutations

You have very sharp teeth.
Your uncanny sense of smell can sniff out nearby items.
Your experience applies equally to all skills.


Message History

The vampire mosquito bites you.
The vampire mosquito draws strength from your injuries!
The vampire mosquito barely misses you.
The vampire mosquito closely misses you.
There is a stone staircase leading down here.
The vampire mosquito bites you!
The vampire mosquito draws strength from your injuries!
The vampire mosquito bites you.
The vampire mosquito draws strength from your injuries!
The vampire mosquito misses you. The vampire mosquito bites you.
The vampire mosquito draws strength from your injuries!
The vampire mosquito bites you but does no damage.
The vampire mosquito barely misses you.
You climb downwards.
There is a stone staircase leading up, spattered with blood here.
Casting: Stone Arrow (dangerous; 3% risk of failure)
Confirm with . or Enter, or press ? or * to list all spells.
Aiming: Dispel Undead (dangerous; 19% risk of failure)
Press: ? - help, Shift-Dir - straight line, f - vampire mosquito
Aim: a vampire mosquito (100% to hit)
The vampire mosquito is dispelled!
The vampire mosquito bites you!
The vampire mosquito draws strength from your injuries!
The vampire mosquito bites you.
The vampire mosquito draws strength from your injuries!
The vampire mosquito bites you!
* * * LOW HITPOINT WARNING * * *
The vampire mosquito draws strength from your injuries!
The vampire mosquito bites you.
* * * LOW HITPOINT WARNING * * *
The vampire mosquito draws strength from your injuries!
The vampire mosquito closely misses you.
The vampire mosquito bites you.
* * * LOW HITPOINT WARNING * * *
The vampire mosquito draws strength from your injuries!
As you read the scroll of teleportation, it crumbles to dust.
You feel strangely unstable. The vampire mosquito bites you.
* * * LOW HITPOINT WARNING * * *
The vampire mosquito draws strength from your injuries!
The vampire mosquito barely misses you. The vampire mosquito bites you!
You die...

### #.# #.#
###########y###
..........y@y.#
###############


You could see 3 vampire mosquitoes.

Vanquished Creatures
  Pikel (D:5)
  A vampire mosquito (D:6)
  3 ogres
  A centaur (D:5)
  4 lemures
  2 phantoms
  4 scorpions
  3 wights (D:4)
  3 jellies
  2 hounds
  Ijyb (D:4)
  An iguana (D:3)
  A sleepcap (D:4)
  Robin (D:4)
  5 adders
  A white imp (D:4)
  2 ufetubi
  An adder zombie (D:3)
  4 worms
  11 orcs
  5 endoplasms
  2 giant cockroaches
  10 goblins
  9 hobgoblins
  2 quokkas
  5 ball pythons
  A ball python zombie (D:3)
  A bat (D:3)
  5 frilled lizards
  A giant cockroach zombie (D:3)
  A jackal zombie (D:3)
  8 kobolds
  4 rats (D:1)
106 creatures vanquished.

Notes
Turn   | Place    | Note
-------+----------+-------------------------------------------
     0 | D:1      | croobank the Gnoll Earth Elementalist began the quest for
                  | the Orb.
     0 | D:1      | Reached XP level 1. HP: 13/13 MP: 6/6
   196 | D:1      | Reached XP level 2. HP: 19/19 MP: 5/7
   857 | D:2      | Reached skill level 5 in Spellcasting
   857 | D:2      | Reached XP level 3. HP: 25/25 MP: 6/9
   914 | D:2      | Reached skill level 1 in Fighting
   914 | D:2      | Reached skill level 1 in Short Blades
   914 | D:2      | Reached skill level 1 in Long Blades
   914 | D:2      | Reached skill level 1 in Axes
   914 | D:2      | Reached skill level 1 in Maces & Flails
   914 | D:2      | Reached skill level 1 in Polearms
   914 | D:2      | Reached skill level 1 in Staves
   914 | D:2      | Reached skill level 1 in Ranged Weapons
   914 | D:2      | Reached skill level 1 in Throwing
   914 | D:2      | Reached skill level 1 in Armour
   914 | D:2      | Reached skill level 1 in Shields
   914 | D:2      | Reached skill level 1 in Unarmed Combat
   914 | D:2      | Reached skill level 1 in Invocations
   914 | D:2      | Reached skill level 1 in Evocations
   979 | D:2      | Reached XP level 4. HP: 32/32 MP: 8/11
  1006 | D:2      | Found a faded altar of an unknown god.
  1141 | D:2      | Reached skill level 1 in Conjurations
  1141 | D:2      | Reached skill level 1 in Hexes
  1141 | D:2      | Reached skill level 1 in Summonings
  1141 | D:2      | Reached skill level 1 in Necromancy
  1141 | D:2      | Reached skill level 1 in Translocations
  1141 | D:2      | Reached skill level 1 in Fire Magic
  1141 | D:2      | Reached skill level 1 in Ice Magic
  1141 | D:2      | Reached skill level 1 in Air Magic
  1141 | D:2      | Reached skill level 1 in Poison Magic
  1159 | D:2      | Learned a level 3 spell: Stone Arrow
  1164 | D:2      | Learned a level 4 spell: Petrify
  1522 | D:3      | Found a runed translucent gate.
  1522 | D:3      | Found a runed translucent gate.
  1522 | D:3      | Found a runed translucent gate.
  1525 | D:3      | Noticed shmup's ghost (amateur DsTm)
  1752 | D:3      | Noticed a scorpion
  1761 | D:3      | Killed a scorpion
  1762 | D:3      | Reached XP level 5. HP: 36/37 MP: 5/12
  2191 | D:3      | Learned a level 4 spell: Dispel Undead
  2258 | D:3      | Found a radiant altar of Vehumet.
  2320 | D:3      | Became a worshipper of Vehumet
  2373 | D:3      | Reached XP level 6. HP: 40/44 MP: 11/13
  2764 | D:3      | Identified a scroll of acquirement
  2764 | D:3      | Acquired a staff of earth
  2777 | D:4      | Reached skill level 5 in Dodging
  2971 | D:4      | Noticed Robin
  3096 | D:4      | Noticed Ijyb
  3102 | D:4      | Paralysed by Ijyb for 4 turns
  3209 | D:4      | Killed Robin
  3254 | D:4      | Paralysed by Ijyb for 3 turns
  3258 | D:4      | Killed Ijyb
  3654 | D:4      | Reached XP level 7. HP: 50/50 MP: 11/15
  3735 | D:4      | Reached * piety under Vehumet
  3735 | D:4      | Offered knowledge of Shock by Vehumet.
  3738 | D:4      | Reached skill level 5 in Stealth
  4449 | D:5      | Entered Level 5 of the Dungeon
  4508 | D:5      | Found a shimmering blue altar of Sif Muna.
  4621 | D:5      | Reached XP level 8. HP: 42/58 MP: 9/16
  4894 | D:5      | Noticed Pikel
  4896 | D:5      | Identified the +9 halberd of Integrity {flame, rPois Dex+3}
  5171 | D:5      | Killed Pikel
  5480 | D:5      | Reached XP level 9. HP: 65/65 MP: 15/18
  5974 | D:6      | Slain by a vampire mosquito

Illustrated notes

Levels and vault maps discovered:
D:1:      roderic_dead_forest, layout_basic
D:2:      layout_basic, hellmonk_ecumenical_altar_crossroads,
          amcnicky_mini_corridor_feature
D:3:      layout_loops_ring, nicolae_vehumet_altar_sigil, serial_undead,
          serial_undead_f, serial_undead_e, serial_undead_a, serial_undead_c,
          serial_undead_c, gammafunk_ghost_necromancy
D:4:      layout_gridville, nrook_uturn, nicolae_goblin_pals
D:5:      layout_cave_pools, mainiacjoe_overflow_catwalk, uniq_pikel
D:6:      layout_basic, dk_xom_monty_hall, nicolae_ru_sacrificial_ziggurat

Skill      XL: |  1  2  3  4  5  6  7  8  9 |
---------------+----------------------------+-----
Transmutations | 2 3 4 |  4.0
Spellcasting   | 5 6 |  6.5
Fighting       | 1 2 3 4 |  4.1
Short Blades   | 1 2 3 4 |  4.1
Long Blades    | 1 2 3 4 |  4.1
Axes           | 1 2 3 4 |  4.1
Maces & Flails | 1 2 3 4 |  4.1
Polearms       | 1 2 3 4 |  4.1
Staves         | 1 2 3 4 |  4.1
Ranged Weapons | 1 2 3 4 |  4.1
Throwing       | 1 2 3 4 |  4.1
Armour         | 1 2 3 4 |  4.1
Shields        | 1 2 3 4 |  4.1
Unarmed Combat | 1 2 3 4 |  4.1
Invocations    | 1 2 3 4 |  4.5
Evocations     | 1 2 3 4 |  4.1
Conjurations   | 1 2 3 |  3.3
Hexes          | 1 2 3 |  3.3
Summonings     | 1 2 3 |  3.3
Necromancy     | 1 2 3 |  3.3
Translocations | 1 2 3 |  3.3
Fire Magic     | 1 2 3 |  3.3
Ice Magic      | 1 2 3 |  3.3
Air Magic      | 1 2 3 |  3.3
Poison Magic   | 1 2 3 |  3.3
Dodging        | 5 6 |  6.2
Stealth        | 5 |  5.9
Earth Magic    | 6 |  6.5

Action                     |  1- 3 |  4- 6 |  7- 9 || total
---------------------------+-------+-------+-------++-------
  Melee: Short sword       |       |    46 |    20 ||    66
         Bite              |       |     6 |     2 ||     8
   Cast: Sandblast         |    38 |    37 |    13 ||    88
         Stone Arrow       |       |    34 |    44 ||    78
         Dispel Undead     |       |       |     3 ||     3
    Use: Scroll            |       |     7 |     4 ||    11
         Potion            |       |       |     3 ||     3
   Stab: Sleeping          |       |     7 |     6 ||    13
         Distracted        |       |     1 |       ||     1
 Armour: Robe              |     1 |     4 |    17 ||    22
  Dodge: Dodged            |     7 |    34 |    70 ||   111
